 Dungeon Crawl Stone Soup version 0.29.0-5-ge4962eb29e (webtiles) character file.

Game seed: 10268611737393892460

42 loudpacc the Shield-Bearer (level 3, 0/33 HPs)
             Began as a Minotaur Fighter on Aug 29, 2022.
             Succumbed to an adder's poison
             ... on level 2 of the Dungeon.
             The game lasted 00:04:32 (1432 turns).

loudpacc the Shield-Bearer (Minotaur Fighter)       Turns: 1432, Time: 00:04:32

Health: 0/33       AC:  8    Str: 20    XL:     3   Next: 33%
Magic:  2/2        EV:  9    Int:  5    God:
Gold:   57         SH:  4    Dex: 11    Spells: 2/2 levels left

rFire   . . .      SeeInvis .   a - +0 long sword
rCold   . . .      Faith    .   c - +0 buckler
rNeg    . . .      Spirit   .   b - +1 scale mail
rPois   .          Reflect  .   (helmet restricted)
rElec   .          Harm     .   (no cloak)
rCorr   .          Rampage  .   (no gloves)
Will    .....                   (no boots)
Stlth   ..........              (no amulet)
HPRegen 0.11/turn               (no ring)
MPRegen 0.08/turn               (no ring)

@: lethally poisoned (0 -> -1)
A: horns 2, retaliatory headbutt
a: no special abilities


You were on level 2 of the Dungeon.
You visited 1 branch of the dungeon, and saw 2 of its levels.

You collected 57 gold pieces.

Inventory:

Hand Weapons
 a - a +0 long sword (weapon)
Armour
 b - a +1 scale mail (worn)
 c - a +0 buckler (worn)
Jewellery
 i - a ring of ice
Scrolls
 e - a scroll of identify
 f - a scroll of silence
Potions
 d - 2 potions of might
 g - a potion of flight {unknown}


   Skills:
 + Level 4.1 Fighting
 + Level 3.1 Long Blades
 + Level 4.1 Armour
 + Level 4.1 Shields


You had 2 spell levels left.
You didn't know any spells.
Your spell library was empty.

Dungeon Overview and Level Annotations

Branches:
Dungeon (2/15)

Altars:

Shops:
D:1 [

Annotations:
D:2 Terence


Innate Abilities, Weirdness & Mutations

You have a pair of horns on your head.
You reflexively headbutt those who attack you in melee.


Message History

The rat bites you but does no damage. x2
The rat attacks as you move away! The rat bites you but does no damage.
The goblin attacks as you move away! You block the goblin's attack.
The rat attacks as you move away! The rat closely misses you.
You furiously retaliate!
You headbutt the rat.
You kill the rat!
The goblin attacks as you move away! The goblin hits you but does no damage.
You hit the goblin but do no damage. The goblin hits you but does no damage.
You slash the goblin!
You kill the goblin!
The rat bites you but does no damage. The adder barely misses you.
You hit the adder.
The adder is moderately wounded.
The rat barely misses you. The adder bites you but does no damage.
The rat barely misses you. You block Terence's attack.
You miss the adder. Your headbutt misses the adder.
The adder is moderately wounded.
The adder bites you.
You are poisoned.
The adder poisons you! The adder bites you but does no damage.
Terence hits you from afar with a +0 trident.
The rat bites you but does no damage.
You miss the adder.
The adder is moderately wounded.
You feel sick. The adder barely misses you.
Terence hits you from afar with a +0 trident.
The rat bites you but does no damage. The adder bites you.
You slash the adder!
You kill the adder!
You feel sick. You block Terence's attack.
The rat bites you but does no damage. Terence hits you but does no damage.
The rat bites you.
* * * LOW HITPOINT WARNING * * *
You feel sick. Terence barely misses you. The rat barely misses you.
Items here: $ ) ††.
You hit Terence but do no damage.
You feel sick. You block Terence's attack. The rat bites you.
* * * LOW HITPOINT WARNING * * *
You hit Terence but do no damage.
You die...

,****,,,,,*,,,,,,*,* *,*,,,,,,,,,
,,,,,,,,,,,,,,...#,* #.#****,...#
******,*,**,,,...#,###.######....
*,*,****,#..#,,.............
***,*,**##,#..#**##.......#...
*,*,*,,,,..#..# #...........#
*,*,******,...# #.........#.#
*,,,,,,,,*,##r####............
*,#....,,*,#.@@............#,*
*,#...,*,*,#######.........#,,
*,#...,,,,,>.* #............
#,#..,*,##.#,* #.........###
#.#..,,....#,* ##........#
#.#.###....#,* #.....!..#
##..........#,* ######...#
#...<....#,**,* #...#
##...#.###,**,***********,,,*


You could see Terence and a rat.

Vanquished Creatures
  An adder (D:2)
  A dart slug (D:1)
  4 ball pythons
  3 bats (D:1)
  An endoplasm (D:1)
  3 giant cockroaches (D:1)
  A hobgoblin (D:1)
  2 jackals (D:1)
  2 quokkas (D:1)
  3 frilled lizards (D:1)
  A goblin (D:2)
  5 kobolds (D:1)
  4 rats
31 creatures vanquished.

Notes
Turn   | Place    | Note
-------+----------+-------------------------------------------
     0 | D:1      | loudpacc the Minotaur Fighter began the quest for the Orb.
     0 | D:1      | Reached XP level 1. HP: 19/19 MP: 0/0
   259 | D:1      | Found Qobisal's Armour Shop.
   358 | D:1      | Reached XP level 2. HP: 27/27 MP: 1/1
  1103 | D:1      | Reached XP level 3. HP: 29/33 MP: 2/2
  1410 | D:2      | Noticed Terence
  1431 | D:2      | HP: 1/33 [rat (3)]
  1432 | D:2      | Succumbed to an adder's poison

Illustrated notes

Levels and vault maps discovered:
D:1:      dpeg_arrival_fog, layout_basic, serial_shops,
          nicolae_shop_behind_doors, serial_glass, glass_columns_b,
          glass_columns_a, glass_columns_a, glass_columns_b, glass_columns_c,
          glass_columns_a, minmay_misc_feat_enclosed, minmay_vboxes
D:2:      layout_basic, nicolae_ecumenical_lake_church, basic_altar,
          uniq_terence

Skill      XL: |  1  2 |
---------------+-------+-----
Shields        | 4 |  4.1
Armour         | 4 |  4.1
Fighting       | 4 |  4.1
Long Blades    | 3 |  3.1

Action                   || total
-------------------------++-------
Melee: Long sword        ||    62
       Headbutt          ||     3
  Use: Scroll            ||     4
Armor: Scale mail        ||    92
Dodge: Dodged            ||    58
Block: Buckler           ||    35
